 Dungeon Crawl Stone Soup version bcrawl-1.12-10-g10a67aac0f (webtiles) character file.

Game seed: 8135194351379546370

37 Banto the Insei (level 3, 0/24 HPs)
             Began as an Octopode Transmuter on June 14, 2019.
             Slain by a hobgoblin (6 damage)
             ... led by Robin
             ... on level 2 of the Dungeon.
             The game lasted 00:00:56 (910 turns).

Banto the Insei (Octopode Transmuter)                Turns: 910, Time: 00:00:56

Health: 0/24       AC:  1    Str:  9    XL:     3   Next: 41%
Magic:  6/6        EV: 13    Int: 16    God:
Gold:   22         SH:  0    Dex: 12    Spells: 5/6 levels left

rFire    . . .     SeeInvis .     - Unarmed
rCold    . . .     Gourm    .   (no shield)
rNeg     . . .     Faith    .   (helmet restricted)
rPois    .         Spirit   .   (cloak restricted)
rElec    .         Reflect  .   (no amulet)
rCorr    .         Harm     .   (no ring)
MR       .....                  (no ring)
Stlth    ++........             (no ring)
HPRegen  0.08/turn              (no ring)
MPRegen  0.10/turn              (no ring)
                                (no ring)
                                (no ring)
                                (no ring)

@: no status effects
A: almost no armour, stealthy swim, amphibious, 8 rings, constrict 8, camouflage
1, gelatinous body 1
a: no special abilities


You were on level 2 of the Dungeon.
You were not hungry.

You visited 1 branch of the dungeon, and saw 2 of its levels.

You collected 22 gold pieces.

Inventory:

Missiles
 a - 513 arrows (quivered)
Scrolls
 e - a scroll of fog {unknown}
 g - a scroll of amnesia {unknown}
 h - a scroll of identify {unknown}
 i - 3 scrolls of enchant weapon {unknown}
Potions
 b - a potion of mutation {unknown}
 c - a potion of lignification
 f - 2 potions of curing {unknown}
Comestibles
 d - 2 rations {!d}


   Skills:
 + Level 1.6 Fighting
 - Level 2.0 Dodging
 + Level 3.3 Unarmed Combat
 + Level 2.4 Spellcasting
 + Level 2.5 Transmutations


You had 5 spell levels left.
You knew the following spells:

 Your Spells              Type           Power        Failure   Level  Hunger
a - Beastly Appendage     Tmut           ##....       7%          1    #......

Your spell library contained the following spells:

 Spells                   Type           Power        Failure   Level  Hunger
 Sticks to Snakes         Tmut           ##......     11%         2    ###....
 Spider Form              Tmut/Pois      #.........   34%         3    ###....
 Ice Form                 Ice/Tmut       #.......     75%         4    #####..
 Blade Hands              Tmut           ##........   89%         5    ######.


Dungeon Overview and Level Annotations

Branches:
Dungeon (2/12)

Altars:

Annotations:
D:2 Robin


Innate Abilities, Weirdness & Mutations

You cannot wear most types of armour.
You are very stealthy in the water. (Stealth+)
You are amphibious.
You can wear up to eight rings at the same time.
You can use your tentacles to constrict eight enemies at once.
Your skin changes colour to match your surroundings (Stealth+).
Your rubbery body absorbs attacks. (AC +1, EV +1)


Message History

Robin roars a battlecry!
The goblins go into a battle-frenzy!
A goblin comes into view. It is wielding a +0 dagger.
A goblin comes into view. It is wielding a +0 club.
The goblin closely misses you.
Things that are here:
a +0 club; a goblin corpse You barely miss the goblin.
You grab the goblin. You constrict the goblin. The hobgoblin hits you.
The goblin barely misses you.
You tentacle-slap the goblin.
The goblin is severely wounded.
You constrict the goblin.
You kill the goblin!
Robin throws the goblin at you! The goblin hits you with a +0 dagger.
The hobgoblin hits you!
* * * LOW HITPOINT WARNING * * *
You tentacle-slap the goblin.
You kill the goblin!
Robin throws the goblin at you! The hobgoblin hits you.
You die...

### ..# #.# ### #.#
##.## #########
###.###.[.####.g@ggg.#
...............##gg..g..
###.###...######


gg..... #.# ##.## #####.. ###.# #.# . ....# #.# ##### #+# ## You could see
Robin, a hobgoblin and 7 goblins.

Vanquished Creatures
  3 leopard geckos
  6 goblins
  2 hobgoblins (D:1)
  3 jackals (D:1)
  3 bats
  11 frilled lizards (D:1)
  6 kobolds
  2 rats (D:1)
36 creatures vanquished.

Notes
Turn   | Place    | Note
-------+----------+-------------------------------------------
     0 | D:1      | Banto the Octopode Transmuter began the quest for the Orb.
     0 | D:1      | Reached XP level 1. HP: 13/13 MP: 3/3
    74 | D:1      | Reached XP level 2. HP: 17/18 MP: 5/5
   510 | D:1      | Reached XP level 3. HP: 15/23 MP: 6/6
   905 | D:2      | Noticed Robin
   910 | D:2      | Slain by a hobgoblin

Action                   || total
-------------------------++-------
Melee: Unarmed           ||    82
       Constrict         ||    25
       Tentacles         ||    11
       Kick              ||     5
       Punch             ||     2
 Cast: Beastly Appendage ||     3
 Stab: Sleeping          ||     7
Armor: Skin              ||     8
Dodge: Dodged            ||    52
